ITL
DETROIT X-WINGS @ BIRMINGHAM BARONS
09/26/2025
 
TOP OF THE 1ST
Detroit X-Wings batting - Pitching for Birmingham Barons : RHP Ken Gary
Pitching: RHP Ken Gary
Batting: RHB Gary Witt 0-0: Ball
1-0: Ball
2-0: Foul Ball, location: 2F
2-1: Foul Ball, location: 2F
2-2: Ball
3-2: Strikes out swinging
Batting: RHB Diego Ocampo 0-0: Ball
1-0: Called Strike
1-1: Swinging Strike
1-2: Foul Ball, location: 2F
1-2: Ball
2-2: Ball
3-2: Base on Balls
Batting: LHB Gonzalo Trujillo 0-0: Called Strike
0-1: Ball
1-1: Called Strike
1-2: Foul Ball, location: 2F
1-2: Strikes out swinging
Batting: RHB Jorge Cora 0-0: Swinging Strike
0-1: Ball
1-1: Ball
2-1: Ball
3-1: Swinging Strike
3-2: Strikes out swinging
Top of the 1st over - 0 run(s), 0 hit(s), 0 error(s), 1 left on base; Detroit 0 - Birmingham 0
BOTTOM OF THE 1ST
Birmingham Barons batting - Pitching for Detroit X-Wings : RHP Salvador Vélez
Pitching: RHP Salvador Vélez
Batting: SHB Anastasio Ortíz 0-0: Ball
1-0: Ground out 6-3 (Groundball, 6)
Batting: RHB Vicente Elías 0-0: Called Strike
0-1: Called Strike
0-2: Strikes out swinging
Batting: RHB Raúl Soto 0-0: Called Strike
0-1: Fly out, F7 (Flyball, 7D)
Bottom of the 1st over - 0 run(s), 0 hit(s), 0 error(s), 0 left on base; Detroit 0 - Birmingham 0
TOP OF THE 2ND
Detroit X-Wings batting - Pitching for Birmingham Barons : RHP Ken Gary
Batting: SHB Jaime Montés 0-0: Ball
1-0: Foul Ball, location: 2F
1-1: Ball
2-1: Foul Ball, location: 2F
2-2: Ground out 4-3 (Groundball, 4)
Batting: RHB Enrique Ramírez 0-0: Ball
1-0: Fly out, F8 (Flyball, 8LS)
Batting: LHB Jeremy Cox 0-0: Foul Ball, location: 2F
0-1: Ball
1-1: Called Strike
1-2: Ground out 5-3 (Groundball, 5S)
Top of the 2nd over - 0 run(s), 0 hit(s), 0 error(s), 0 left on base; Detroit 0 - Birmingham 0
BOTTOM OF THE 2ND
Birmingham Barons batting - Pitching for Detroit X-Wings : RHP Salvador Vélez
Batting: LHB José Martínez 0-0: Ball
1-0: Foul Ball, location: 2F
1-1: Foul Ball, location: 2F
1-2: SINGLE (Line Drive, 6MD)
Batting: LHB Ben Kelley 0-0: Called Strike
0-1: Called Strike
0-2: Ball
1-2: Fielders Choice at 2nd, 3-6 (Groundball, 3)
Batting: RHB Jean-Paul St-Pierre 0-0: Called Strike
0-1: Swinging Strike
0-2: Ball
1-2: Grounds into double play, 6-4-3 (Groundball, 6)
Bottom of the 2nd over - 0 run(s), 1 hit(s), 0 error(s), 0 left on base; Detroit 0 - Birmingham 0
TOP OF THE 3RD
Detroit X-Wings batting - Pitching for Birmingham Barons : RHP Ken Gary
Batting: SHB Chris Byrd 0-0: Called Strike
0-1: Ball
1-1: DOUBLE (Line Drive, 78M)
Batting: RHB Raúl Canó 0-0: Called Strike
0-1: Swinging Strike
0-2: Ball
1-2: Ball
2-2: Ball
3-2: Foul Ball, location: 2F
3-2: Ground out 5-3 (Groundball, 5)
Batting: RHB Gary Witt 0-0: Foul Ball, location: 2F
0-1: SINGLE (Groundball, 56)
Chris Byrd to third
Runner from 3rd tries for Home, SAFE, no throw or cutoff
Batting: RHB Diego Ocampo 0-0: Fly out, F8 (Flyball, 8RM)
Batting: LHB Gonzalo Trujillo 0-0: Ball
1-0: Ball
2-0: Fly out, F8 (Line Drive, 8RM)
Top of the 3rd over - 1 run(s), 2 hit(s), 0 error(s), 1 left on base; Detroit 1 - Birmingham 0
BOTTOM OF THE 3RD
Birmingham Barons batting - Pitching for Detroit X-Wings : RHP Salvador Vélez
Batting: RHB Júlio Pacheco 0-0: Ball
1-0: Ball
2-0: Called Strike
2-1: SINGLE (Line Drive, 7S)
Batting: LHB José Hernández 0-0: DOUBLE (Flyball, 9D)
Júlio Pacheco to third
Batting: LHB Curt Causton 0-0: Fly out, F2 (Popup, 23)
Batting: SHB Anastasio Ortíz 0-0: Ball
1-0: Ball
2-0: Called Strike
2-1: Foul Ball, location: 2F
2-2: Foul Ball, location: 2F
2-2: Foul Ball, location: 2F
2-2: 3-RUN HOME RUN (Flyball, 8LXD), Distance : 426 ft
Batting: RHB Vicente Elías 0-0: Called Strike
0-1: Ball
1-1: Swinging Strike
1-2: Ground out 4-3 (Groundball, 4)
Batting: RHB Raúl Soto 0-0: Foul Ball, location: 2F
0-1: Called Strike
0-2: Ball
1-2: Ball
2-2: DOUBLE (Line Drive, 9LD)
Batting: LHB José Martínez 0-0: Called Strike
0-1: Foul Ball, location: 2F
0-2: Foul Ball, location: 2F
0-2: SINGLE (Line Drive, 7S)
Raúl Soto to third
Runner from 3rd tries for Home, SAFE, no throw or cutoff
Batting: LHB Ben Kelley 0-0: Called Strike
0-1: Ball
1-1: Called Strike
1-2: Ball
2-2: Foul Ball, location: 2F
2-2: Ball
3-2: Ground out 2-3 (Groundball, 25)
Bottom of the 3rd over - 4 run(s), 5 hit(s), 0 error(s), 1 left on base; Detroit 1 - Birmingham 4
TOP OF THE 4TH
Detroit X-Wings batting - Pitching for Birmingham Barons : RHP Ken Gary
Batting: RHB Jorge Cora 0-0: Ball
1-0: Foul Ball, location: 2F
1-1: Fly out, F7 (Flyball, 7M)
Batting: SHB Jaime Montés 0-0: Ball
1-0: Ball
2-0: Ball
3-0: Called Strike
3-1: Base on Balls
Batting: RHB Enrique Ramírez 0-0: Ball
1-0: Swinging Strike
1-1: Swinging Strike
1-2: Strikes out looking
Batting: LHB Jeremy Cox 0-0: Ball
1-0: Called Strike
1-1: SINGLE (Groundball, 34D)
Jaime Montés to second
Runner from 2nd tries for 3rd, SAFE, throw made to third
Batting: SHB Chris Byrd 0-0: Ball
1-0: Called Strike
1-1: Swinging Strike
1-2: Strikes out swinging
Top of the 4th over - 0 run(s), 1 hit(s), 0 error(s), 2 left on base; Detroit 1 - Birmingham 4
BOTTOM OF THE 4TH
Birmingham Barons batting - Pitching for Detroit X-Wings : RHP Salvador Vélez
Batting: RHB Jean-Paul St-Pierre 0-0: Called Strike
0-1: Foul Ball, location: 2F
0-2: Ball
1-2: Fly out, F6 (Popup, 4M)
Batting: RHB Júlio Pacheco 0-0: Called Strike
0-1: Foul Ball, location: 2F
0-2: Ball
1-2: Ground out U3 (Groundball, 3)
Batting: LHB José Hernández 0-0: Ball
1-0: Ground out 3-1 (Groundball, 34)
Bottom of the 4th over - 0 run(s), 0 hit(s), 0 error(s), 0 left on base; Detroit 1 - Birmingham 4
TOP OF THE 5TH
Detroit X-Wings batting - Pitching for Birmingham Barons : RHP Ken Gary
Batting: RHB Raúl Canó 0-0: Called Strike
0-1: SINGLE (Line Drive, 4M)
Batting: RHB Gary Witt 0-0: Ball
1-0: Swinging Strike
1-1: Ball
2-1: Foul Ball, location: 2F
2-2: Foul Ball, location: 2F
2-2: Foul Ball, location: 2F
2-2: Strikes out swinging
Batting: RHB Diego Ocampo 0-0: Ball
1-0: Ball
2-0: Called Strike
2-1: Ground out 3-1 (Groundball, 34)
Raúl Canó to second
Batting: LHB Gonzalo Trujillo 0-0: Fly out, F8 (Flyball, 8LD)
Top of the 5th over - 0 run(s), 1 hit(s), 0 error(s), 1 left on base; Detroit 1 - Birmingham 4
BOTTOM OF THE 5TH
Birmingham Barons batting - Pitching for Detroit X-Wings : RHP Salvador Vélez
Batting: LHB Curt Causton 0-0: SINGLE (Flyball, 9S)
Batting: SHB Anastasio Ortíz 0-0: Called Strike
0-1: Swinging Strike
0-2: Ball
1-2: Fielders Choice at 2nd, 1-6 (Groundball, 13)
Batting: RHB Vicente Elías 0-0: Ball
1-0: Ball
Anastasio Ortíz is caught stealing 2nd base
2-0: Called Strike
2-1: Foul Ball, location: 2F
2-2: Ball
3-2: Base on Balls
Pitching: RHP Alejandro Collazo
Batting: RHB Raúl Soto 0-0: Ball
1-0: Swinging Strike
1-1: Ball
2-1: Called Strike
2-2: Foul Ball, location: 2F
2-2: Foul Ball, location: 2F
2-2: SINGLE (Line Drive, 6D)
Vicente Elías to second
Batting: LHB José Martínez 0-0: Called Strike
0-1: Swinging Strike
0-2: Foul Ball, location: 2F
0-2: Fly out, F8 (Flyball, 8LXD)
Bottom of the 5th over - 0 run(s), 2 hit(s), 0 error(s), 2 left on base; Detroit 1 - Birmingham 4
TOP OF THE 6TH
Detroit X-Wings batting - Pitching for Birmingham Barons : RHP Ken Gary
Batting: RHB Jorge Cora 0-0: Called Strike
0-1: Fly out, F1 (Line Drive, 15)
Batting: SHB Jaime Montés 0-0: Called Strike
0-1: Ground out 4-3 (Groundball, 4M)
Batting: RHB Enrique Ramírez 0-0: Ground out 5-3 (Groundball, 5S)
Top of the 6th over - 0 run(s), 0 hit(s), 0 error(s), 0 left on base; Detroit 1 - Birmingham 4
BOTTOM OF THE 6TH
Birmingham Barons batting - Pitching for Detroit X-Wings : RHP Alejandro Collazo
Batting: LHB Ben Kelley 0-0: Ball
1-0: Called Strike
1-1: Fly out, F8 (Flyball, 89M)
Batting: RHB Jean-Paul St-Pierre 0-0: Ball
1-0: Swinging Strike
1-1: Fly out, F7 (Flyball, 7LM)
Batting: RHB Júlio Pacheco 0-0: Ball
1-0: Called Strike
1-1: Swinging Strike
1-2: Ball
2-2: Foul Ball, location: 2F
2-2: Ball
3-2: SINGLE (Groundball, 4MD)
Batting: LHB José Hernández 0-0: Called Strike
0-1: Foul Ball, location: 2F
0-2: Ball
1-2: Strikes out swinging
Bottom of the 6th over - 0 run(s), 1 hit(s), 0 error(s), 1 left on base; Detroit 1 - Birmingham 4
TOP OF THE 7TH
Detroit X-Wings batting - Pitching for Birmingham Barons : RHP Ken Gary
Batting: LHB Jeremy Cox 0-0: Ball
1-0: Ball
2-0: SINGLE (Groundball, 56D)
Batting: SHB Chris Byrd 0-0: Ball
Wild Pitch!
Jeremy Cox to second
1-0: Foul Ball, location: 2F
1-1: Called Strike
1-2: Ball
2-2: Foul Ball, location: 2F
2-2: Foul Ball, location: 2F
2-2: Foul Ball, location: 2F
2-2: Strikes out swinging
Pitching: RHP Jim Hicks
Batting: RHB Raúl Canó 0-0: Fly out, F9 (Flyball, 89XD)
Runner from 2nd tags up, SAFE at 3rd, no throw
Batting: RHB Gary Witt 0-0: Ball
1-0: Ball
2-0: Called Strike
2-1: 2-RUN HOME RUN (Flyball, 7D), Distance : 350 ft
Batting: RHB Diego Ocampo 0-0: Foul Ball, location: 2F
0-1: Called Strike
0-2: Foul Ball, location: 2F
0-2: Strikes out swinging
Top of the 7th over - 2 run(s), 2 hit(s), 0 error(s), 0 left on base; Detroit 3 - Birmingham 4
BOTTOM OF THE 7TH
Birmingham Barons batting - Pitching for Detroit X-Wings : RHP Alejandro Collazo
Batting: LHB Curt Causton 0-0: Ball
1-0: Ball
2-0: Called Strike
2-1: Ball
3-1: Base on Balls
Batting: SHB Anastasio Ortíz 0-0: Ball
1-0: Ball
2-0: Bunt missed!
2-1: Bunted foul
2-2: Foul Ball, location: 2F
2-2: SINGLE (Line Drive, 4MD)
Curt Causton to second
Pinch Hitting: LHB Marc May 0-0: Bunted foul
0-1: Sac Bunt - play at first, batter OUT! 5-4
Curt Causton to third
Anastasio Ortíz to second
Batting: RHB Raúl Soto 0-0: Ground out 5-3 (Groundball, 5)
Pitching: RHP Sam MacIntyre
Batting: LHB José Martínez 0-0: Fly out, F8 (Flyball, 8LS)
Bottom of the 7th over - 0 run(s), 1 hit(s), 0 error(s), 2 left on base; Detroit 3 - Birmingham 4
TOP OF THE 8TH
Detroit X-Wings batting - Pitching for Birmingham Barons : RHP Jim Hicks
Pitching: LHP Paul Moore
Now at 1B: Juan Jiménez
Now at SS: Andrew Curran
Batting: LHB Gonzalo Trujillo 0-0: Ball
1-0: Ball
2-0: Swinging Strike
2-1: Swinging Strike
2-2: Strikes out swinging
Pitching: RHP Domingo Ortíz
Batting: RHB Jorge Cora 0-0: Fly out, F9 (Flyball, 9M)
Pitching: LHP Manuel Soto
Batting: SHB Jaime Montés 0-0: Called Strike
0-1: Foul Ball, location: 2F
0-2: Foul Ball, location: 2F
0-2: SINGLE (Line Drive, 4D)
Pitching: LHP Richard Simpson
Batting: RHB Enrique Ramírez 0-0: Ball
1-0: Fly out, F3 (Popup, 34)
Top of the 8th over - 0 run(s), 1 hit(s), 0 error(s), 1 left on base; Detroit 3 - Birmingham 4
BOTTOM OF THE 8TH
Birmingham Barons batting - Pitching for Detroit X-Wings : RHP Sam MacIntyre
Batting: LHB Ben Kelley 0-0: Ground out 4-3 (Groundball, 13)
Batting: RHB Jean-Paul St-Pierre 0-0: DOUBLE (Flyball, 89XD)
Batting: RHB Júlio Pacheco 0-0: Swinging Strike
0-1: Called Strike
0-2: DOUBLE (Line Drive, 5D)
Jean-Paul St-Pierre scores
Batting: LHB José Hernández 0-0: Intentional Walk
Batting: LHB Curt Causton 0-0: Ball
1-0: Ball
2-0: Swinging Strike
2-1: Foul Ball, location: 2F
2-2: Strikes out swinging
Pinch Hitting: SHB Terry O'Farrell 0-0: Called Strike
0-1: Called Strike
0-2: SINGLE (Flyball, 8LS)
Júlio Pacheco to third
José Hernández to second
Pinch Hitting: LHB Lee Reeves 0-0: Ball
1-0: Ball
2-0: Foul Ball, location: 2F
2-1: Foul Ball, location: 2F
2-2: Ball
3-2: Ground out 5-3 (Groundball, 5S)
Bottom of the 8th over - 1 run(s), 3 hit(s), 0 error(s), 3 left on base; Detroit 3 - Birmingham 5
TOP OF THE 9TH
Detroit X-Wings batting - Pitching for Birmingham Barons : LHP Richard Simpson
Pitching: RHP Pei Que
Now at 1B: Lee Reeves
Now at SS: Dave Dawson
Batting: LHB Jeremy Cox 0-0: Ball
1-0: Fly out, F8 (Flyball, 8LS)
Batting: SHB Chris Byrd 0-0: Ball
1-0: Foul Ball, location: 2F
1-1: Foul Ball, location: 2F
1-2: Ball
2-2: Foul Ball, location: 2F
2-2: Strikes out looking
Batting: RHB Raúl Canó 0-0: Ball
1-0: TRIPLE (Line Drive, 9LS)
Batting: RHB Gary Witt 0-0: Ball
1-0: Called Strike
1-1: Called Strike
1-2: Foul Ball, location: 2F
1-2: Ball
2-2: Foul Ball, location: 2F
2-2: Ground out 5-3 (Groundball, 56S)
Top of the 9th over - 0 run(s), 1 hit(s), 0 error(s), 1 left on base; Detroit 3 - Birmingham 5
This league is powered by Out of the Park Baseball, the baseball management simulation game for PC, Mac and Linux
Tuesday, August 2nd, 2016 - OOTP Baseball 16.8 Build 38